 Dungeon Crawl Stone Soup version 0.18-a0-1273-g8ec5f8e (webtiles) character file.

1250 Gorice the Conjurer (level 8, -12/52 HPs)
             Began as a Human Wanderer on Feb 7, 2016.
             Was a Follower of Sif Muna.
             Killed from afar by YrmMerkstave's ghost (22 damage)
             ... with a bolt of negative energy
             ... on level 6 of the Dungeon.
             The game lasted 00:43:51 (8358 turns).

Gorice the Conjurer (Human Wanderer)                Turns: 8358, Time: 00:43:51

Health: -12/52     AC:  7    Str: 12    XL:     8   Next: 80%
Magic:  8/15       EV: 11    Int: 13    God:    Sif Muna [*.....]
Gold:   273        SH:  0    Dex: 15    Spells: 6 memorised, 6 levels left

rFire  . . .     SeeInvis .     B - +0 blowgun
rCold  . . .     Gourm    .     d - +0 robe
rNeg   . . .     Faith    .     (no shield)
rPois  .         Spirit   .     G - +1 helmet
rElec  .         Dismiss  .     u - +2 cloak
rCorr  .         Reflect  .     (no gloves)
SustAt .         Harm     .     (no boots)
MR     .....                    (no amulet)
Stlth  +.........               (no ring)
                                (no ring)

@: about to teleport, repel missiles, heavily drained, not resistant to hostile
enchantments, very unstealthy
A: no striking features
a: Channel Energy, Renounce Religion


You were on level 6 of the Dungeon.
You worshipped Sif Muna.
Sif Muna was aware of your devotion.
You were not hungry.

You visited 2 branches of the dungeon, and saw 7 of its levels.

You collected 273 gold pieces.

Inventory:

Hand Weapons
 a - a +1 dagger of speed
   (You took it off an orc wizard on level 6 of the Dungeon)
 b - a +0 hunting sling
 j - a +1 flail of draining
   (You found it on level 5 of the Dungeon)
 l - a +0 short sword
 B - a +0 blowgun (weapon)
 C - a +0 trident
Missiles
 g - 7 tomahawks
 h - 7 tomahawks of returning
 m - 81 sling bullets
 y - 22 poisoned needles (quivered)
 Z - 178 stones
Armour
 d - a +0 robe (worn)
 o - a +0 leather armour
 u - a +2 cloak (worn)
 G - a +1 helmet (worn)
Wands
 J - a wand of flame (48/48)
Scrolls
 i - 6 scrolls of remove curse
 n - 2 scrolls of fog
 r - a scroll of teleportation {!r}
Potions
 e - a potion of lignification {unknown}
 p - a potion of invisibility {!q}
 x - a potion of curing
 E - a potion of flight
 K - a potion of agility {!q}
 L - 3 potions of heal wounds {!q}
Books
 c - the Papyrus of Heat

   Spells                             Type                      Level
   a - Flame Tongue                   Conjuration/Fire             1
   b - Ignite Poison                  Fire/Transmutation/Poison    3
 v - a book of Minor Magic
 w - the Disquisition on Ice

   Spells                             Type                      Level
   a - Freeze                         Ice                          1
   b - Ensorcelled Hibernation        Hexes/Ice                    2
Comestibles
 f - 3 bread rations {!e}
 k - 4 meat rations {!e}
 q - 4 chunks of flesh
 s - a slice of pizza
 D - 6 fruits
 H - 2 beef jerkies


   Skills:
 - Level 1.0(0.0) Throwing
   Level 1.0(0.0) Shields
 + Level 4.7(3.5) Spellcasting
 * Level 5.9(4.6) Conjurations
 + Level 1.4(0.3) Hexes
 - Level 1.0(0.0) Charms
 + Level 4.2(3.0) Fire Magic
 + Level 3.9(2.7) Ice Magic
 - Level 2.0(0.8) Air Magic
   Level 2.0(0.8) Earth Magic


You had 6 spell levels left.
You knew the following spells:

 Your Spells              Type           Power        Failure   Level  Hunger
a - Flame Tongue          Conj/Fire      ##...        6%          1    #......
b - Magic Dart            Conj           ##..         3%          1    #......
c - Freeze                Ice            #...         10%         1    #......
d - Conjure Flame         Conj/Fire      ##......     14%         3    ###....
e - Ensorcelled Hibernat  Hex/Ice        #.....       21%         2    ##.....
M - Repel Missiles        Chrm/Air       #.....       30%         2    ##.....


Dungeon Overview and Level Annotations

Branches:
Dungeon (6/15)             Temple (1/1) D:4

Altars:
Ashenzari
Cheibriados
Dithmenos
Fedhas
Gozag
Kikubaaqudgha
Makhleb
Ru
Sif Muna
Trog
Vehumet
Xom
Zin
The Shining One

Annotations:
D:6 YrmMerkstave's ghost, novice DrTm


Message History

Confirm with . or Enter, or press ? or * to list all spells.
You can't see any susceptible monsters within range! (Use Z to cast anyway.)
Casting: Conjure Flame
Confirm with . or Enter, or press ? or * to list all spells.
Aiming: Freeze
Press: ? - help, Shift-Dir - straight line
Okay, then.
Unknown command.
Unknown command.
Casting: Freeze
Confirm with . or Enter, or press ? or * to list all spells.
Aiming: Conjure Flame
Press: ? - help, Dir - move target cursor The fire roars!
You are feeling hungry.
YrmMerkstave's ghost shrieks, "You will join me soon!"
Casting: Conjure Flame
Confirm with . or Enter, or press ? or * to list all spells.
Aiming: Conjure Flame
Press: ? - help, Dir - move target cursor The fire roars!
You start resting.
Eating one of 5 chunks of flesh.
This raw flesh tastes terrible.
You continue eating. x2
Casting: Conjure Flame
Confirm with . or Enter, or press ? or * to list all spells.
Aiming: Flame Tongue
Press: ? - help, Shift-Dir - straight line, f - YrmMerkstave's ghost
Aim: YrmMerkstave's ghost The flame tongue hits YrmMerkstave's ghost.
YrmMerkstave's ghost is lightly damaged.
YrmMerkstave's ghost hits you.
Damage: 4 (max 4)
Casting: Flame Tongue
Confirm with . or Enter, or press ? or * to list all spells.
Aiming: Flame Tongue
Press: ? - help, Shift-Dir - straight line, f/p - YrmMerkstave's ghost
Aim: YrmMerkstave's ghost (lightly damaged)
The flame tongue hits YrmMerkstave's ghost.
YrmMerkstave's ghost is lightly damaged.
YrmMerkstave's ghost hits you!
* * * LOW HITPOINT WARNING * * *
Damage: 8 (max 8) Read which item? (? for menu, Esc to quit)
Really read
r - 2 scrolls of teleportation {!r}?
As you read the scroll of teleportation {!r}, it crumbles to dust.
You feel strangely unstable.
YrmMerkstave's ghost breathes negative energy at you.
The bolt of negative energy hits you!
You feel drained.
You die...

#######.#.# #..........#.#.#..
#######.#.# #......##....#....
.....[))#.# #...............#.
#########.############.........
......................W........
######).#.#####........########
.....!..#.#............#
######.##.#.###W#####..####
..........#.# #.@..§......#####.#
######.####.#############.......#
#....#..#......# #<###.#######
#.##.#..#.#.##.# #.##.....#
..##.##.#.#.##.######.##.)...#
####....#.#.##......#.##..!..#
#########.#.#######.#.##.....#
....##....#.#...#...÷..#.....#
###.##.####.#.#.########.....#


You could see YrmMerkstave's ghost.

Vanquished Creatures
  A sky beast (D:5)
  An ice beast (D:5)
  2 ogres
  A phantom (D:5)
  A crimson imp (D:5)
  3 hounds
  3 orc priests
  A giant frog skeleton (D:5)
  5 orc wizards
  A centaur skeleton (D:5)
  3 iguanas
  3 worker ants
  8 gnolls
  7 adders
  An ooze (D:2)
  2 adder skeletons
  3 worms
  5 giant geckos
  15 orcs
  2 ball pythons
  6 bats
  3 giant cockroaches
  9 goblins
  3 hobgoblins
  11 jackals
  A quokka (D:5)
  A giant gecko skeleton (D:4)
  4 giant newts
  6 kobolds
  8 rats
120 creatures vanquished.

Notes
Turn   | Place    | Note
--------------------------------------------------------------
     0 | D:1      | Gorice the Human Wanderer began the quest for the Orb.
     0 | D:1      | Gorice set off with: a book of Minor Magic, the Disquisition on Ice, the Papyrus of Heat, a +0 robe, a +0 dagger, a bread ration {!e}
     0 | D:1      | Reached XP level 1. HP: 13/13 MP: 3/3
     0 | D:1      | Identified the Disquisition on Ice
     0 | D:1      | Identified the Papyrus of Heat
     2 | D:1      | Learned a level 1 spell: Flame Tongue
     4 | D:1      | Learned a level 1 spell: Magic Dart
     6 | D:1      | Learned a level 1 spell: Freeze
   275 | D:1      | Reached skill level 1 in Conjurations
   275 | D:1      | Reached XP level 2. HP: 7/19 MP: 0/5
  1329 | D:2      | Reached XP level 3. HP: 24/24 MP: 3/6
  1655 | D:1      | HP: 5/24 [hound (4)]
  1656 | D:1      | HP: 2/24 [hound (3)]
  1662 | D:1      | Reached skill level 2 in Conjurations
  1662 | D:1      | Reached skill level 1 in Ice Magic
  1662 | D:1      | Reached XP level 4. HP: 30/30 MP: 1/7
  2013 | D:2      | Learned a level 2 spell: Repel Missiles
  2448 | D:2      | Reached XP level 5. HP: 35/35 MP: 9/9
  2628 | D:3      | Reached skill level 2 in Fire Magic
  2900 | D:3      | Reached skill level 3 in Spellcasting
  4335 | D:4      | Reached skill level 3 in Conjurations
  4335 | D:4      | Reached skill level 2 in Ice Magic
  4335 | D:4      | Reached XP level 6. HP: 26/41 MP: 5/10
  4477 | D:4      | HP: 4/41 [orc priest/divine providence (10)]
  5324 | D:4      | Noticed an ogre
  5349 | D:4      | HP: 1/41 [ogre/giant club (17)]
  5379 | D:4      | HP: 6/41 [ogre/giant club (18)]
  5383 | D:4      | Killed an ogre
  5383 | D:4      | Reached skill level 3 in Fire Magic
  5383 | D:4      | Reached XP level 7. HP: 6/46 MP: 12/12
  5387 | D:4      | Reached skill level 4 in Conjurations
  6249 | D:4      | Found an opulent altar of Gozag.
  6272 | D:4      | Found a staircase to the Ecumenical Temple.
  6287 | Temple   | Entered the Ecumenical Temple
  6389 | Temple   | Became a worshipper of Sif Muna the Loreminder
  6473 | D:5      | Entered Level 5 of the Dungeon
  6517 | D:4      | Learned a level 3 spell: Conjure Flame
  6534 | D:5      | Reached skill level 3 in Ice Magic
  6598 | D:5      | Reached skill level 4 in Spellcasting
  6776 | D:5      | Reached skill level 5 in Conjurations
  6776 | D:5      | Reached XP level 8. HP: 39/52 MP: 8/14
  7202 | D:5      | Found a deep blue altar of Sif Muna.
  7364 | D:5      | Reached skill level 4 in Fire Magic
  7438 | D:5      | Found a shadowy altar of Dithmenos.
  7605 | D:5      | Learned a level 2 spell: Ensorcelled Hibernation
  7644 | D:5      | Reached * piety under Sif Muna
  7984 | D:6      | Reached skill level 1 in Hexes
  8017 | D:6      | Noticed YrmMerkstave's ghost (novice DrTm)
  8357 | D:6      | HP: 10/52 [YrmMerkstave's ghost (8)]
  8358 | D:6      | Killed from afar by YrmMerkstave's ghost

Vault maps used:
D:1:      nicolae_arrival_somewhat_less_tricky_arrival
D:2:      nrook_mini_backslash, cheibrodos_gnoll_hut
D:4:      marbit_many_paths, minmay_temple_entry_glassed_door, first_bread
D:5:      kennysheep_little_box, basic_altar
D:6:      nicolae_qazlal_general_emergency
Temple:   circular_temple_12

Action                   |  1- 3 |  4- 6 |  7- 9 || total
-------------------------+-------+-------+-------++-------
Melee: Dagger            |    36 |    17 |     2 ||    55
 Fire: Hunting sling     |       |   105 |    31 ||   136
       Blowgun           |       |    32 |    55 ||    87
 Cast: Freeze            |    25 |    30 |    25 ||    80
       Magic Dart        |    23 |     8 |     5 ||    36
       Flame Tongue      |     5 |    38 |    51 ||    94
       Repel Missiles    |       |     1 |       ||     1
       Conjure Flame     |       |       |     7 ||     7
  Use: Scroll            |     3 |     4 |    11 ||    18
       Potion            |     1 |     1 |       ||     2
 Stab: Distracted        |       |     1 |       ||     1
       Sleeping          |       |     3 |     4 ||     7
  Eat: Chunk             |     3 |    13 |     9 ||    25
       Pizza             |       |       |     1 ||     1

Table legend:
 A = Turns spent in this place as a percentage of turns spent in the entire game.
 B = Non-inter-level travel turns spent in this place as a percentage of non-inter-level travel turns spent in the entire game.
 C = Inter-level travel turns spent in this place as a percentage of turns spent in this place.
 D = Turns resting spent in this place as a percentage of non-inter-level travel turns spent in this place.
 E = Turns spent auto-exploring this place as a percentage of non-inter-level travel turns spent in this place.
 F = Non-inter-level travel turns spent in this place divided by the number of levels of this place that you've seen.
                   A       B       C       D       E      F
               +-------+-------+-------+-------+-------+----------------------
         Total | 100.0 | 100.0 |   0.4 |   6.6 |   6.0 | 326.1
       Dungeon |  98.0 |  98.0 |   0.4 |   6.8 |   5.8 | 372.8
        Temple |   2.0 |   2.0 |   0.0 |   0.0 |  19.6 |  46.0
               +-------+-------+-------+-------+-------+----------------------

Vault maps used:
D:1:      nicolae_arrival_somewhat_less_tricky_arrival
D:2:      nrook_mini_backslash, cheibrodos_gnoll_hut
D:4:      marbit_many_paths, minmay_temple_entry_glassed_door, first_bread
D:5:      kennysheep_little_box, basic_altar
D:6:      nicolae_qazlal_general_emergency
Temple:   circular_temple_12
